 Dungeon Sprint DCSS version 0.31.0-12-g77e489cdc1 (webtiles) character file.

Game seed: 2080736063324763532

8000000 Kallu the Intangible (level 27, -136/228 HPs)
             Began as a Djinni Warper on Feb 14, 2024.
             Was the Champion of Makhleb.
             Annihilated by a destroyer
             ... wielding a +9 heavy great sword
              (245 damage)
             ... in the Dungeon (Sprint VIII: "Arena of Blood").
             The game lasted 00:04:07 (80 turns).

Kallu the Intangible (Djinni Warper)                  Turns: 80, Time: 00:04:07

Health: -136/228   AC:  6    Str: 10    XL:     27
Gold:   0          EV: 26    Int: 27    God:    Makhleb [******] SH:  0 Dex: 15

rFire   + + .        h - +∞ Axe of Woe
rCold   x . .        (shield currently unavailable)
rNeg    . . .        a - +0 leather armour
rPois   ∞            (no helmet)
rElec   .            (no cloak)
rCorr   .            (no gloves)
SInv    +            (boots unavailable)
Will    ++...        (no amulet)
Stlth   +++++++++    i - ring of see invisible
HPRegen 0.58/turn    (no ring)
MPRegen 0.00/turn

%: no teleportation, infuse magic (-137 HP)
@: flying, slowed, very slow
A: sickness immunity, fire resistance 2, cold vulnerability 1, float, innate
caster, HP casting, extra vitality 1
a: Renounce Religion, Minor Destruction, Lesser Servant of Makhleb, Major
Destruction, Greater Servant of Makhleb


You were in the Dungeon.
You worshipped Makhleb.
Makhleb was exalted by your worship.
You visited 1 branch

Inventory:

Hand Weapons
 h - the +∞ Axe of Woe (weapon)
   (You found it in the Dungeon)
Missiles
 c - 7 darts of dispersal (quivered)
Armour
 a - a +0 leather armour (worn)
Jewellery
 i - a ring of see invisible (left hand)
Scrolls
 b - 2 scrolls of blinking
Potions
 d - a potion of curing
 e - a potion of heal wounds
 f - a potion of haste
 g - a potion of berserk rage


   Skills:
 O Level 27 Fighting
 O Level 27 Short Blades
 O Level 27 Long Blades
 O Level 27 Axes
 O Level 27 Maces & Flails
 O Level 27 Polearms
 O Level 27 Staves
 O Level 27 Ranged Weapons
 O Level 27 Throwing
 O Level 27 Armour
 O Level 27 Dodging
 O Level 27 Stealth
 O Level 27 Shields
 O Level 27 Unarmed Combat
 O Level 27 Spellcasting
 O Level 27 Conjurations
 O Level 27 Hexes
 O Level 27 Summonings
 O Level 27 Necromancy
 O Level 27 Translocations
 O Level 27 Fire Magic
 O Level 27 Ice Magic
 O Level 27 Air Magic
 O Level 27 Earth Magic
 O Level 27 Alchemy
 O Level 27 Invocations
 O Level 27 Evocations
 O Level 27 Shapeshifting


You knew the following spells:

 Your Spells              Type           Power      Damage    Failure   Level
a - Blink                 Tloc           100%       N/A       0%          2
b - Lesser Beckoning      Tloc           100%       N/A       0%          2
c - Teleport Other        Tloc           100%       N/A       0%          3
d - Manifold Assault      Tloc           100%       N/A       0%          4
e - Vhi's Electric Charg  Tloc/Air       100%       N/A       0%          4
f - Foxfire               Conj/Fire      100%       2x1d9     0%          1
g - Momentum Strike       Conj/Tloc      100%       3d10      0%          2
h - Confusing Touch       Hex            100%       N/A       0%          3
i - Animate Armour        Summ/Erth      100%       N/A       0%          4
j - Sticky Flame          Fire/Alch      100%       2d15      0%          4
k - Irradiate             Conj/Alch      55%        3d30      0%          5
l - Sculpt Simulacrum     Ice/Alch       55%        N/A       0%          6
m - Spellforged Servitor  Conj/Summ      55%        N/A       0%          7
n - Summon Cactus Giant   Summ           55%        N/A       0%          6
o - Summon Horrible Thin  Summ           55%        N/A       1%          8
p - Summon Hydra          Summ           55%        N/A       0%          7
q - Discord               Hex            55%        N/A       1%          8
r - Polar Vortex          Ice            55%        12d7*     1%          9
Your spell library was empty.

Dungeon Overview and Level Annotations

Branches:
Dungeon (1/1)

Altars:
Makhleb

Annotations:
D The Captor


Innate Abilities, Weirdness & Mutations

You are immune to sickness and miasma.
You are immune to poison.
Your flesh is very heat resistant. (rF++)
You are vulnerable to cold. (rC-)
You float through the air rather than walking.
You learn spells naturally, not from books.
Your magical power is your life essence.
You have superior vitality. (+4 MHP)


Message History

You kill the meat beast!
Makhleb accepts your kill.
You feel better.
You slash the bag of meat!
You butcher the bag of meat messily.
You kill the bag of meat!
Makhleb accepts your kill.
You feel better.
You hit the bag of meat.
You cleave the bag of meat in twain.
You kill the bag of meat!
Makhleb accepts your kill.
You feel better.
You slash the meat beast! You chop the meat beast into pieces.
You kill the meat beast!
Makhleb accepts your kill.
You feel better.
You hit the meat berserker.
You hew the meat berserker violently.
You kill the meat berserker!
Makhleb accepts your kill.
You slice the meat berserker!!
You fatally mangle the meat berserker.
You kill the meat berserker!
Makhleb accepts your kill.
You slice the bag of meat!!
You fatally mangle the bag of meat.
You kill the bag of meat!
Makhleb accepts your kill.
The bag of meat is engulfed in blazing flames.
The accursed gestures at you while chanting.
Something smites you!
The eight-headed meat hydra calls on the powers of darkness!
The eight-headed meat hydra convulses!
The bag of meat convulses!
The meat berserker convulses!
The bag of meat convulses!
The meat berserker convulses!
The bag of meat convulses! x2
Your body is wracked with pain!
The bag of meat convulses! x3
The eight-headed meat hydra convulses! x2; The bag of meat convulses! x2
The Captor convulses!
The bag of meat convulses! x5
The destroyer points at you and mumbles some strange words.
The destroyer blinks!
An eight-headed meat hydra comes into view.
The meat berserker is engulfed in blazing flames.
A meat berserker comes into view. It is wielding a +9 battleaxe.
The destroyer hits you with a +9 heavy great sword!!!!!
Ouch! That really hurt!
You die...

#.)..).).......)O..
OD..#....)).)).#.#....
M..#)..).))o.)).)O..†
###..§#§)).))))...§☼.)
#....○)#§.)))))...)...
....oo§O.§§O§))..)....
#...).Do§)V)o))......
#...)WV2.#.)X....#..
..#o@)o.#.)X)...# .
#.oo)D.###....L..###.
....@oo.D....W###X.....
...o.o#.......V_......
...o#.z.....#.....#..
##.....o....#_.<._#..
....# ......#.....#
.... .#........_......
........###......


You could see an accursed, a meat beast (fast), 4 eight-headed meat hydras, 2
destroyers, a sculptor of flesh, 3 meat berserkers, a wretched soul (invisible),
The Captor (fast) and 15 bags of meat.

Vanquished Creatures
  7 hell beasts (D)
  4 royal mummies (D)
  19 vampire knights (D)
  31 ogres (D)
  8 two-headed ogres (D)
  7 liches (D)
  2 hydras (D)
  91 orcs (D)
  6 skeletal warriors (D)
175 creatures vanquished.

Notes
Turn   | Place    | Note
-------+----------+-------------------------------------------
     0 | D        | Found the +∞ Axe of Woe
     0 | D        | Kallu the Djinni Warper began the quest for the Orb.
     0 | D        | Kallu set off with the following spells memorised: Blink,
                  | Lesser Beckoning, Teleport Other, Manifold Assault, Vhi's
                  | Electric Charge.
     0 | D        | Reached XP level 1. HP: 18/18 MP: 0/0
     1 | D        | Noticed a bag of meat
     4 | D        | Became a worshipper of Makhleb the Destroyer
     5 | D        | Noticed a bag of meat
     6 | D        | Noticed a bag of meat
     7 | D        | Noticed a bag of meat
     7 | D        | Noticed a bag of meat
     8 | D        | Noticed a meat berserker
     9 | D        | Killed a bag of meat
     9 | D        | Killed a bag of meat
     9 | D        | Reached * piety under Makhleb
     9 | D        | Noticed a meat berserker
     9 | D        | Noticed a bag of meat
    10 | D        | Reached XP level 2. HP: 37/37 MP: 0/0
    10 | D        | Reached XP level 3. HP: 42/42 MP: 0/0
    10 | D        | Learned a level 1 spell: Foxfire
    10 | D        | Reached XP level 4. HP: 49/49 MP: 0/0
    10 | D        | Reached XP level 5. HP: 54/54 MP: 0/0
    10 | D        | Learned a level 2 spell: Momentum Strike
    10 | D        | Reached XP level 6. HP: 59/59 MP: 0/0
    10 | D        | Reached XP level 7. HP: 65/65 MP: 0/0
    10 | D        | Learned a level 3 spell: Confusing Touch
    10 | D        | Reached XP level 8. HP: 71/71 MP: 0/0
    10 | D        | Reached XP level 9. HP: 76/76 MP: 0/0
    10 | D        | Learned a level 4 spell: Animate Armour
    10 | D        | Reached XP level 10. HP: 83/83 MP: 0/0
    10 | D        | Reached XP level 11. HP: 87/87 MP: 0/0
    10 | D        | Learned a level 4 spell: Sticky Flame
    10 | D        | Reached XP level 12. HP: 94/94 MP: 0/0
    10 | D        | Noticed a bag of meat
    10 | D        | Noticed a bag of meat
    10 | D        | Killed a meat berserker
    10 | D        | Noticed a meat berserker
    10 | D        | Noticed a bag of meat
    10 | D        | Noticed a bag of meat
    11 | D        | Reached skill level 10 in Spellcasting
    11 | D        | Reached skill level 10 in Conjurations
    11 | D        | Reached skill level 10 in Hexes
    11 | D        | Reached skill level 10 in Summonings
    11 | D        | Reached skill level 10 in Necromancy
    11 | D        | Reached skill level 10 in Translocations
    11 | D        | Reached skill level 10 in Fire Magic
    11 | D        | Reached skill level 10 in Ice Magic
    11 | D        | Reached skill level 10 in Air Magic
    11 | D        | Reached skill level 10 in Earth Magic
    11 | D        | Reached skill level 10 in Alchemy
    11 | D        | Reached XP level 13. HP: 103/103 MP: 0/0
    11 | D        | Learned a level 5 spell: Irradiate
    11 | D        | Killed a bag of meat
    11 | D        | Noticed a meat berserker
    11 | D        | Noticed a bag of meat
    11 | D        | Noticed a bag of meat
    11 | D        | Noticed a bag of meat
    11 | D        | Noticed a bag of meat
    12 | D        | Reached skill level 15 in Dodging
    12 | D        | Reached XP level 14. HP: 111/111 MP: 0/0
    12 | D        | Killed a bag of meat
    12 | D        | Reached ** piety under Makhleb
    12 | D        | Noticed a bag of meat
    12 | D        | Noticed a bag of meat
    12 | D        | Noticed a bag of meat
    12 | D        | Noticed a bag of meat
    12 | D        | Noticed a bag of meat
    12 | D        | Noticed a bag of meat
    13 | D        | Reached skill level 15 in Axes
    13 | D        | Noticed a bag of meat
    13 | D        | Noticed a bag of meat
    13 | D        | Noticed a bag of meat
    13 | D        | Noticed a bag of meat
    13 | D        | Noticed a bag of meat
    13 | D        | Noticed a bag of meat
    14 | D        | Killed a meat berserker
    14 | D        | Killed a bag of meat
    14 | D        | Killed a bag of meat
    14 | D        | Reached *** piety under Makhleb
    14 | D        | Killed a bag of meat
    14 | D        | Killed a meat berserker
    14 | D        | Noticed a large bag of meat
    14 | D        | Noticed a bag of meat
    15 | D        | Reached skill level 15 in Throwing
    15 | D        | Reached XP level 15. HP: 126/126 MP: 0/0
    15 | D        | Learned a level 6 spell: Sculpt Simulacrum
    15 | D        | Reached XP level 16. HP: 132/132 MP: 0/0
    15 | D        | Noticed a meat berserker
    15 | D        | Reached **** piety under Makhleb
    16 | D        | Reached skill level 15 in Spellcasting
    16 | D        | Reached skill level 15 in Conjurations
    16 | D        | Reached skill level 15 in Hexes
    16 | D        | Reached skill level 15 in Summonings
    16 | D        | Reached skill level 15 in Necromancy
    16 | D        | Reached skill level 15 in Translocations
    16 | D        | Reached skill level 15 in Fire Magic
    16 | D        | Reached skill level 15 in Ice Magic
    16 | D        | Reached skill level 15 in Air Magic
    16 | D        | Reached skill level 15 in Earth Magic
    16 | D        | Reached skill level 15 in Alchemy
    16 | D        | Reached XP level 17. HP: 124/141 MP: 0/0
    16 | D        | Learned a level 7 spell: Spellforged Servitor
    16 | D        | Reached ***** piety under Makhleb
    17 | D        | Reached XP level 18. HP: 153/153 MP: 0/0
    17 | D        | Noticed a meat berserker
    17 | D        | Noticed a meat berserker
    17 | D        | Noticed a meat berserker
    17 | D        | Noticed a meat berserker
    18 | D        | Noticed a meat berserker
    18 | D        | Killed a meat berserker
    21 | D        | Reached ****** piety under Makhleb
    22 | D        | Reached XP level 19. HP: 78/162 MP: 0/0
    22 | D        | Learned a level 6 spell: Summon Cactus Giant
    22 | D        | Killed a meat berserker
    22 | D        | Killed a meat berserker
    23 | D        | Noticed a meat berserker
    24 | D        | Killed a meat berserker
    24 | D        | Killed a meat berserker
    24 | D        | Noticed a large bag of meat
    25 | D        | Reached skill level 27 in Dodging
    25 | D        | Reached XP level 20. HP: 121/176 MP: 0/0
    25 | D        | Noticed a meat berserker
    26 | D        | Noticed a meat berserker
    27 | D        | Noticed an eight-headed meat hydra
    27 | D        | Noticed a meat berserker
    28 | D        | Killed a meat berserker
    29 | D        | Reached skill level 27 in Fighting
    29 | D        | Reached skill level 27 in Armour
    29 | D        | Reached skill level 27 in Unarmed Combat
    29 | D        | Reached XP level 21. HP: 187/187 MP: 0/0
    29 | D        | Learned a level 8 spell: Summon Horrible Things
    29 | D        | Noticed a destroyer
    30 | D        | Killed a meat berserker
    30 | D        | Killed a meat berserker
    30 | D        | Noticed a meat berserker
    32 | D        | Killed a destroyer
    33 | D        | Reached skill level 27 in Axes
    33 | D        | Reached skill level 27 in Throwing
    33 | D        | Reached XP level 22. HP: 194/194 MP: 0/0
    33 | D        | Killed a meat berserker
    33 | D        | Noticed an eight-headed meat hydra
    34 | D        | Reached skill level 27 in Spellcasting
    34 | D        | Reached skill level 27 in Conjurations
    34 | D        | Reached skill level 27 in Hexes
    34 | D        | Reached skill level 27 in Summonings
    34 | D        | Reached skill level 27 in Necromancy
    34 | D        | Reached skill level 27 in Translocations
    34 | D        | Reached skill level 27 in Fire Magic
    34 | D        | Reached skill level 27 in Ice Magic
    34 | D        | Reached skill level 27 in Air Magic
    34 | D        | Reached skill level 27 in Earth Magic
    34 | D        | Reached skill level 27 in Alchemy
    34 | D        | Reached skill level 5 in Shields
    34 | D        | Reached skill level 5 in Invocations
    34 | D        | Reached skill level 5 in Evocations
    34 | D        | Killed a nine-headed meat hydra
    34 | D        | Killed a meat berserker
    35 | D        | Reached XP level 23. HP: 92/201 MP: 0/0
    35 | D        | Learned a level 7 spell: Summon Hydra
    36 | D        | Reached skill level 10 in Short Blades
    36 | D        | Reached skill level 10 in Long Blades
    36 | D        | Reached skill level 10 in Staves
    36 | D        | Reached skill level 10 in Stealth
    36 | D        | Killed a large bag of meat
    36 | D        | Killed a large bag of meat
    37 | D        | Reached skill level 10 in Maces & Flails
    37 | D        | Reached skill level 10 in Polearms
    37 | D        | Reached skill level 10 in Ranged Weapons
    37 | D        | Reached skill level 10 in Shapeshifting
    38 | D        | Reached XP level 24. HP: 165/208 MP: 0/0
    38 | D        | Noticed a destroyer
    40 | D        | Reached skill level 15 in Shields
    40 | D        | Reached skill level 15 in Invocations
    40 | D        | Reached skill level 15 in Evocations
    40 | D        | Killed a destroyer
    40 | D        | Noticed a large bag of meat
    42 | D        | Reached skill level 15 in Short Blades
    42 | D        | Reached skill level 15 in Long Blades
    42 | D        | Reached skill level 15 in Staves
    42 | D        | Reached skill level 15 in Stealth
    42 | D        | Noticed a destroyer
    42 | D        | Noticed a large bag of meat
    44 | D        | Noticed a tyrant
    44 | D        | Killed a large bag of meat
    44 | D        | Killed a tyrant
    44 | D        | Killed a large bag of meat
    45 | D        | Reached XP level 25. HP: 214/214 MP: 0/0
    45 | D        | Learned a level 8 spell: Discord
    45 | D        | Killed a destroyer
    46 | D        | Noticed a destroyer
    47 | D        | Reached XP level 26. HP: 221/221 MP: 0/0
    47 | D        | Killed a destroyer
    48 | D        | Noticed a destroyer
    48 | D        | Noticed a tyrant
    49 | D        | Killed a tyrant
    50 | D        | Noticed a destroyer
    51 | D        | Reached XP level 27. HP: 228/228 MP: 0/0
    51 | D        | Learned a level 9 spell: Polar Vortex
    51 | D        | Noticed a destroyer
    52 | D        | Noticed a destroyer
    52 | D        | Noticed a tyrant
    52 | D        | Noticed a destroyer
    52 | D        | Noticed a destroyer
    53 | D        | Noticed an accursed
    53 | D        | Killed a destroyer
    54 | D        | Killed a destroyer
    54 | D        | Killed a destroyer
    55 | D        | Killed a destroyer
    56 | D        | Noticed a tyrant
    56 | D        | Noticed a destroyer
    56 | D        | Noticed a destroyer
    57 | D        | Noticed an accursed
    57 | D        | Noticed a large bag of meat
    57 | D        | Killed a tyrant
    57 | D        | Noticed a destroyer
    58 | D        | Killed a destroyer
    58 | D        | Killed a destroyer
    58 | D        | Killed an accursed
    58 | D        | Noticed a destroyer
    58 | D        | Noticed an accursed
    59 | D        | Reached skill level 27 in Shields
    59 | D        | Reached skill level 27 in Invocations
    59 | D        | Reached skill level 27 in Evocations
    60 | D        | Reached skill level 27 in Short Blades
    60 | D        | Reached skill level 27 in Long Blades
    60 | D        | Reached skill level 27 in Staves
    60 | D        | Reached skill level 27 in Stealth
    60 | D        | Killed a destroyer
    61 | D        | Reached skill level 27 in Maces & Flails
    61 | D        | Reached skill level 27 in Polearms
    61 | D        | Reached skill level 27 in Ranged Weapons
    61 | D        | Reached skill level 27 in Shapeshifting
    61 | D        | Killed a destroyer
    61 | D        | Killed a destroyer
    62 | D        | Killed an accursed
    62 | D        | Killed a large bag of meat
    62 | D        | Noticed a tyrant
    62 | D        | Noticed a large bag of meat
    63 | D        | Killed a tyrant
    64 | D        | Killed a tyrant
    64 | D        | Killed a destroyer
    64 | D        | Killed an accursed
    66 | D        | Killed a large bag of meat
    66 | D        | Noticed a meat beast
    67 | D        | Noticed a large bag of meat
    68 | D        | Killed a large bag of meat
    68 | D        | Noticed a meat beast
    68 | D        | Noticed an accursed
    68 | D        | Noticed a tyrant
    69 | D        | Killed a tyrant
    69 | D        | Killed an accursed
    69 | D        | Noticed a destroyer
    69 | D        | Noticed a destroyer
    69 | D        | Noticed a destroyer
    69 | D        | Noticed a tyrant
    70 | D        | Killed a meat beast
    71 | D        | Noticed a meat beast
    71 | D        | Killed a meat beast
    71 | D        | Killed a destroyer
    72 | D        | Killed a destroyer
    72 | D        | Noticed a destroyer
    73 | D        | Noticed a destroyer
    73 | D        | Killed a destroyer
    73 | D        | Noticed a large bag of meat
    73 | D        | Noticed a destroyer
    74 | D        | Killed a meat beast
    75 | D        | Killed a large bag of meat
    75 | D        | Killed a tyrant
    76 | D        | Noticed a meat beast
    76 | D        | Noticed a meat beast
    76 | D        | Noticed a meat beast
    76 | D        | Noticed a tyrant
    77 | D        | Noticed a meat beast
    77 | D        | Noticed a destroyer
    77 | D        | Killed a destroyer
    77 | D        | Noticed The Captor
    78 | D        | Killed a destroyer
    78 | D        | Killed a meat beast
    78 | D        | Noticed a meat beast
    78 | D        | Noticed a destroyer
    79 | D        | Noticed an accursed
    79 | D        | Killed a meat beast
    79 | D        | Noticed a dread
    80 | D        | Killed a meat beast
    80 | D        | Killed a meat beast
    80 | D        | Annihilated by a destroyer

Illustrated notes

Levels and vault maps discovered:
D:        meatsprint

Skill      XL: |  1  2  3  4  5  6  7  8  9 10 11 12 13 14 15 16 17 18 19 20 21 22 23 24 25 26 27 |
---------------+----------------------------------------------------------------------------------+-----
Fighting       | 11 13 17 19 21 22 25 27 | 27.0
Axes           | 12 14 17 18 19 21 23 24 27 | 27.0
Throwing       | 9 11 15 16 17 19 21 23 27 | 27.0
Armour         | 11 13 17 19 20 22 25 27 | 27.0
Dodging        | 12 14 15 19 20 22 24 27 | 27.0
Unarmed Combat | 11 13 17 19 21 22 25 27 | 27.0
Spellcasting   | 8 10 14 15 17 18 21 22 26 27 | 27.0
Conjurations   | 8 10 14 15 17 18 21 22 26 27 | 27.0
Hexes          | 8 10 14 15 17 18 21 22 26 27 | 27.0
Summonings     | 8 10 14 15 17 18 21 22 26 27 | 27.0
Necromancy     | 8 10 14 15 17 18 21 22 26 27 | 27.0
Translocations | 8 10 14 15 17 18 21 22 26 27 | 27.0
Fire Magic     | 8 10 14 15 17 18 21 22 26 27 | 27.0
Ice Magic      | 8 10 14 15 17 18 21 22 26 27 | 27.0
Air Magic      | 8 10 14 15 17 18 21 22 26 27 | 27.0
Earth Magic    | 8 10 14 15 17 18 21 22 26 27 | 27.0
Alchemy        | 8 10 14 15 17 18 21 22 26 27 | 27.0
Short Blades   | 8 13 17 19 21 27 | 27.0
Long Blades    | 8 13 17 19 21 27 | 27.0
Maces & Flails | 8 12 16 17 19 27 | 27.0
Polearms       | 8 12 16 17 19 27 | 27.0
Staves         | 8 13 17 19 21 27 | 27.0
Ranged Weapons | 8 12 16 17 19 27 | 27.0
Stealth        | 8 13 17 19 21 27 | 27.0
Shields        | 9 14 18 20 23 27 | 27.0
Invocations    | 9 14 18 20 23 27 | 27.0
Evocations     | 9 14 18 20 23 27 | 27.0
Shapeshifting  | 8 12 16 17 19 27 | 27.0

Action                     |  1- 3 |  4- 6 |  7- 9 | 10-12 | 13-15 | 16-18 | 19-21 | 22-24 | 25-27 || total
---------------------------+-------+-------+-------+-------+-------+-------+-------+-------+-------++-------
  Melee: Executioner's axe |     1 |       |       |     1 |     3 |     8 |     7 |    25 |    79 ||   124
   Cast: Vhi's Electric Ch |       |       |       |     1 |       |     2 |     2 |     2 |     8 ||    15
         Manifold Assault  |       |       |       |       |       |     1 |       |     5 |    16 ||    22
         Polar Vortex      |       |       |       |       |       |       |       |       |     1 ||     1
 Armour: Leather armour    |       |       |       |       |     1 |     5 |     4 |     5 |    30 ||    45
  Dodge: Dodged            |       |       |       |       |       |     2 |     1 |       |     4 ||     7
